 Dungeon Crawl Stone Soup version 0.19.0 (webtiles) character file.

29 Buncs the Ruffian (level 3, 23/28 HPs)
             Began as a Draconian Transmuter on Nov 10, 2016.
             Quit the game on level 1 of the Dungeon.
             The game lasted 00:04:49 (491 turns).

Buncs the Ruffian (Draconian Transmuter)             Turns: 491, Time: 00:04:49

Health: 23/28      AC:  5    Str: 13    XL:     3   Next: 1%
Magic:  6/6        EV: 12    Int: 13    God:
Gold:   45         SH:  0    Dex: 11    Spells: 1 memorised, 5 levels left

rFire  . . .     SeeInvis .       - Unarmed
rCold  . . .     Gourm    .     (armour unavailable)
rNeg   . . .     Faith    .     (no shield)
rPois  .         Spirit   .     (helmet restricted)
rElec  .         Reflect  .     (no cloak)
rCorr  .         Harm     .     (no gloves)
MR     .....                    (no boots)
Stlth  +.........               (no amulet)
                                (no ring)
                                (no ring)

@: no status effects
A: unfitting armour, cold-blooded, AC +5
a: no special abilities


You were on level 1 of the Dungeon.
You were not hungry.

You visited 1 branch of the dungeon, and saw 1 of its levels.

You collected 45 gold pieces.

Inventory:

Missiles
 a - 12 arrows
 e - 10 poisoned needles
Scrolls
 f - 2 scrolls of teleportation
 g - a scroll of random uselessness {unknown}
 h - a scroll of enchant armour {unknown}
 j - a scroll of immolation {unknown}
Potions
 i - a potion of mutation {unknown}
Books
 b - a book of Changes

   Spells                             Type                      Level
   a - Beastly Appendage              Transmutation                1
   b - Sticks to Snakes               Transmutation                2
   c - Spider Form                    Transmutation/Poison         3
   d - Ice Form                       Ice/Transmutation            4
   e - Blade Hands                    Transmutation                5
Comestibles
 c - a bread ration
 d - a meat ration


   Skills:
 + Level 1.1 Fighting
 + Level 1.9 Dodging
 + Level 0.4 Stealth
 + Level 3.7 Unarmed Combat
 + Level 2.2 Spellcasting
 + Level 2.1 Transmutations


You had 5 spell levels left.
You knew the following spells:

 Your Spells              Type           Power        Failure   Level  Hunger
a - Beastly Appendage     Tmut           #.....       12%         1    ##.....


Dungeon Overview and Level Annotations

Branches:
Dungeon (1/15)

Altars:


Innate Abilities, Weirdness & Mutations

Your plain brown scales are hard. (AC +5)
You cannot fit into any form of body armour.
You are cold-blooded and may be slowed by cold attacks.


Message History

You punch the goblin!
You kill the goblin!
Your horns disappear.
Things that are here:
a club; a goblin corpse
Things that are here:
a whip; a gnoll corpse
f - 2 scrolls of teleportation (gained 1)
A goblin comes into view. It is wielding a dagger.
The goblin shouts!
The goblin misses you.
You punch the goblin!
You kill the goblin!
You have reached level 3!
Your experience leads to an increase in your attributes!
Increase (S)trength, (I)ntelligence, or (D)exterity?
You feel stronger.
Your scales feel tougher.
You see here 20 stones.
Unknown command.
Are you sure you want to abandon this character and quit the game? (Confirm with "yes".)

#############
##....@......#
#..........#.#
#
#..#######.#.#
## #..# #.#.#
.## #..# #.#.#
..# #..# ###
#.#.#
..#########..#
#.. ..#.#
#............#
#.# ###.#
############.#
#.# #.#


There were no monsters in sight!

Vanquished Creatures
  A gnoll (D:1)
  An ooze (D:1)
  A dart slug (D:1)
  3 goblins (D:1)
  A hobgoblin (D:1)
  3 kobolds (D:1)
  2 bats (D:1)
  A frilled lizard (D:1)
13 creatures vanquished.

Vanquished Creatures (others)
  A draconian (D:1)
  A gargoyle (D:1)
  A vine stalker (D:1)
  An elf (D:1)
  A troll (D:1)
  A spriggan (D:1)
  A human (D:1)
  A naga (D:1)
  3 ogres (D:1)
  A mummy (D:1)
  6 tentacles (D:1)
18 creatures vanquished.

Grand Total: 31 creatures vanquished

Notes
Turn   | Place    | Note
-------+----------+-------------------------------------------
     0 | D:1      | Buncs the Draconian Transmuter began the quest for the Orb.
     0 | D:1      | Reached XP level 1. HP: 16/16 MP: 3/3
     0 | D:1      | Noticed an elf
     0 | D:1      | Noticed a spriggan
     0 | D:1      | Noticed an ogre
     0 | D:1      | Noticed a human
     0 | D:1      | Noticed an ogre
     0 | D:1      | Noticed a draconian
     0 | D:1      | Noticed a troll
     0 | D:1      | Noticed a kraken
     0 | D:1      | Noticed a gargoyle
     0 | D:1      | Noticed an ogre
     0 | D:1      | Noticed a naga
     0 | D:1      | Noticed a vine stalker
     4 | D:1      | Killed an ogre
     4 | D:1      | Killed an ogre
     4 | D:1      | Killed a gargoyle
     5 | D:1      | Killed a spriggan
     6 | D:1      | Killed a vine stalker
     6 | D:1      | Killed a troll
     7 | D:1      | Killed an ogre
     7 | D:1      | Killed a naga
    10 | D:1      | Killed a draconian
    10 | D:1      | Killed a human
    11 | D:1      | Killed an elf
   229 | D:1      | Reached XP level 2. HP: 20/23 MP: 5/5
   423 | D:1      | Reached XP level 3. HP: 17/28 MP: 6/6
   491 | D:1      | Quit the game

Action                   || total
-------------------------++-------
Melee: Unarmed           ||    41
       Headbutt          ||     5
       Tailslap          ||     3
 Cast: Beastly Appendage ||     4
  Use: Scroll            ||     1
Armor: Skin              ||    15
Dodge: Dodged            ||    26
